 Dungeon Crawl Stone Soup version 0.22.1-2-g9c5b331 (webtiles) character file.

479 Velaskes the Slasher (level 6, -3/47 HPs)
             Began as a Demonspawn Gladiator on Dec 18, 2018.
             Slain by an orc warrior
             ... wielding a +0 dire flail
              (15 damage)
             ... on level 5 of the Dungeon.
             The game lasted 00:11:57 (3238 turns).

Velaskes the Slasher (Demonspawn Gladiator)         Turns: 3238, Time: 00:11:57

Health: -3/47      AC: 10    Str: 16 (17) XL:     6   Next: 86%
Magic:  6/6        EV: 13    Int:  4 (7)  God:    Xom [.....*]
Gold:   154        SH:  0    Dex: 14      Spells: 5/5 levels left

rFire    + + .     SeeInvis +   a - +0 long sword
rCold    . . .     Gourm    .   (no shield)
rNeg     . . .     Faith    .   b - +0 leather armour
rPois    .         Spirit   .   (helmet restricted)
rElec    .         Reflect  .   (no cloak)
rCorr    .         Harm     .   t - +0 pair of gloves
MR       .....                  (no boots)
Stlth    ++........             n - amulet of regeneration
HPRegen  0.55/turn              h - ring of wizardry
MPRegen  0.10/turn              j - ring of protection from fire

@: sanguine armour
A: antennae 1, see invisible, deterioration 1, dopey 1, fire resistance 1, rot
immunity, sanguine armour 1
a: Renounce Religion


You were on level 5 of the Dungeon.
You worshipped Xom.
You were Xom's teddy bear.
You were not hungry.

You visited 1 branch of the dungeon, and saw 6 of its levels.

You collected 278 gold pieces.
You spent 124 gold pieces at shops.

Inventory:

Hand Weapons
 a - a +0 long sword (weapon)
Missiles
 d - 3 throwing nets (quivered)
Armour
 b - a +0 leather armour (worn)
 c - a +0 helmet
 t - a +0 pair of gloves (worn)
Jewellery
 h - a ring of wizardry (left hand)
 j - a ring of protection from fire (right hand)
 n - an amulet of regeneration (around neck)
Wands
 s - a wand of polymorph (19)
Scrolls
 i - 2 scrolls of remove curse
 k - 2 scrolls of enchant weapon {unknown}
 l - 6 scrolls of identify
 o - a scroll of noise {unknown}
 p - a scroll of fear {unknown}
 q - a scroll of amnesia {unknown}
 r - a scroll of magic mapping {unknown}
Potions
 e - a potion of berserk rage {unknown}
 g - a potion of curing
 m - a potion of lignification {unknown}
Comestibles
 f - 5 rations


   Skills:
 + Level 3.2 Fighting
 + Level 5.1 Long Blades
 + Level 1.9 Throwing
 + Level 2.6 Armour
 + Level 3.8 Dodging
 + Level 1.2 Stealth


You had 5 spell levels left.
You didn't know any spells.
Your spell library was empty.

Dungeon Overview and Level Annotations

Branches:
Dungeon (6/15)             Temple (0/1) D:4

Altars:
Elyvilon
Nemelex Xobeh
Vehumet
Xom
Zin

Shops:
D:4 *


Innate Abilities, Weirdness & Mutations

You have a pair of small antennae on your head.
You are immune to rotting.
When seriously injured, your bleeding wounds create armour. (AC +6)
You have supernaturally acute eyesight. (SInv)
Your body sometimes deteriorates upon taking damage.
You are dopey. (Int -2)
Your flesh is heat resistant. (rF+)


Message History

The orc warrior is lightly wounded.
The orc warrior hits you with a dire flail.
The orc closely misses you.
You riposte.
You slash the orc!
You kill the orc!
The orc misses you.
You hit the orc warrior but do no damage.
The orc warrior is lightly wounded.
The orc warrior hits you with a dire flail!
* * * LOW HITPOINT WARNING * * *
The orc hits you but does no damage.
You slash the orc warrior!
The orc warrior is heavily wounded.
The orc warrior hits you with a dire flail!
* * * LOW HITPOINT WARNING * * *
The orc hits you with a short sword of protection.
* * * LOW HITPOINT WARNING * * *
You feel better. The orc hits you but does no damage.
The orc warrior hits you with a dire flail!
You die...
Xom laughs nastily!

####### ###########
.>.#...###.........#
........##.....<...#
...................#
..................(#
.........).........#
........@o.........#
...#....o..........#
# #...##..........#
....#. [..........#
..####.##...........
. #. #.....(....# #.
#..######## #. .##


You could see an orc warrior and an orc.

Vanquished Creatures
  Sigmund (D:3)
  A scorpion (D:4)
  2 centaur skeletons (D:4)
  A bullfrog skeleton (D:4)
  Jessica (D:2)
  2 worker ants (D:4)
  3 gnolls (D:4)
  3 adders
  An ooze (D:4)
  A worm (D:4)
  3 leopard geckos
  3 orcs
  4 giant cockroaches
  5 goblins
  7 hobgoblins
  A ball python (D:1)
  4 bats
  A frilled lizard (D:1)
  7 kobolds
  3 rats
54 creatures vanquished.

Vanquished Creatures (others)
  A quokka (D:4)
1 creature vanquished.

Grand Total: 55 creatures vanquished

Notes
Turn   | Place    | Note
-------+----------+-------------------------------------------
     0 | D:1      | Velaskes the Demonspawn Gladiator began the quest for the
                  | Orb.
     0 | D:1      | Reached XP level 1. HP: 16/16 MP: 1/1
   185 | D:1      | Gained mutation: You are immune to rotting. [demonic
                  | ancestry]
   185 | D:1      | Reached XP level 2. HP: 22/22 MP: 2/2
   253 | D:1      | Reached skill level 3 in Long Blades
   672 | D:2      | Found a glowing silver altar of Zin.
   730 | D:2      | Noticed Jessica
   745 | D:2      | Killed Jessica
   745 | D:2      | Reached skill level 1 in Armour
   745 | D:2      | Gained mutation: You have a pair of small antennae on your
                  | head. [demonic ancestry]
   745 | D:2      | Reached XP level 3. HP: 23/27 MP: 3/3
   862 | D:2      | Found a shimmering altar of Xom.
   928 | D:2      | Became a worshipper of Xom of Many Doors
  1124 | D:2      | Found a radiant altar of Vehumet.
  1216 | D:2      | Found a sparkling altar of Nemelex Xobeh.
  1429 | D:3      | XOM: smoke on damage
  1714 | D:3      | Reached XP level 4. HP: 27/33 MP: 4/4
  1854 | D:3      | XOM: harmless Air miscast
  2006 | D:3      | Noticed Sigmund
  2017 | D:3      | XOM: harmless Erth miscast
  2019 | D:3      | Killed Sigmund
  2019 | D:3      | Reached skill level 4 in Long Blades
  2019 | D:3      | Gained mutation: When seriously injured, your bleeding
                  | wounds create armour. (AC +6) [demonic ancestry]
  2019 | D:3      | Reached XP level 5. HP: 21/39 MP: 5/5
  2138 | D:3      | XOM: god gift: 2 bubbling green potions {god gift}
  2173 | D:3      | Gained mutation: Your flesh is heat resistant. (rF+)
                  | [potion of mutation]
  2173 | D:3      | Gained mutation: You have supernaturally acute eyesight.
                  | (SInv) [potion of mutation]
  2173 | D:3      | Gained mutation: You are covered in fur. (AC +1) [potion of
                  | mutation]
  2175 | D:3      | Lost mutation: You are covered in fur. (AC +1) [potion of
                  | mutation]
  2175 | D:3      | Lost mutation: Your flesh is heat resistant. (rF+) [potion
                  | of mutation]
  2175 | D:3      | Gained mutation: You are frail. (-10% HP) [potion of
                  | mutation]
  2175 | D:3      | Lost mutation: You have supernaturally acute eyesight.
                  | (SInv) [potion of mutation]
  2175 | D:3      | Gained mutation: You have large cloven feet. [potion of
                  | mutation]
  2176 | D:3      | Lost mutation: You have large cloven feet. [potion of
                  | mutation]
  2176 | D:3      | Lost mutation: You are frail. (-10% HP) [potion of
                  | mutation]
  2176 | D:3      | Gained mutation: Your body sometimes deteriorates upon
                  | taking damage. [potion of mutation]
  2176 | D:3      | Gained mutation: Your flesh is heat resistant. (rF+)
                  | [potion of mutation]
  2176 | D:3      | Gained mutation: You have supernaturally acute eyesight.
                  | (SInv) [potion of mutation]
  2176 | D:3      | Gained mutation: You are somewhat resistant to further
                  | mutation. [potion of mutation]
  2216 | D:4      | XOM: harmless Chrm miscast
  2221 | D:4      | Found a white marble altar of Elyvilon.
  2268 | D:4      | XOM: enchant monster (good)
  2275 | D:4      | Reached skill level 1 in Stealth
  2275 | D:4      | Reached XP level 6. HP: 37/46 MP: 6/6
  2468 | D:4      | XOM: swap monsters
  2484 | D:4      | Found a white marble altar of Elyvilon.
  2527 | D:4      | XOM: give mutations
  2527 | D:4      | Gained mutation: You are dopey. (Int -2) [Xom's mischief]
  2527 | D:4      | Lost mutation: You are somewhat resistant to further
                  | mutation. [Xom's mischief]
  2597 | D:4      | Found Zethedar's Assorted Antiques.
  2599 | D:4      | XOM: cast spell 'Metabolic Englaciation'
  2603 | D:4      | Reached skill level 5 in Long Blades
  2611 | D:4      | Bought a fluorescent wand for 124 gold pieces
  2881 | D:4      | XOM: 2-stop teleportation journey
  2929 | D:4      | XOM: medium Chrm miscast
  3095 | D:4      | XOM: scenery: create altars
  3141 | D:4      | Found a staircase to the Ecumenical Temple.
  3199 | D:5      | Entered Level 5 of the Dungeon
  3213 | D:5      | Noticed an orc warrior
  3237 | D:5      | HP: 2/47 [orc warrior/dire flail (8)]
  3238 | D:5      | Slain by an orc warrior

Skill      XL: |  1  2  3  4  5  6 |
---------------+-------------------+-----
Dodging        | 3 |  3.8
Long Blades    | 3 4 5 |  5.1
Armour         | 1 2 |  2.6
Stealth        | 1 |  1.2
Fighting       | 3 |  3.2
Throwing       | |  1.9

Action                   |  1- 3 |  4- 6 || total
-------------------------+-------+-------++-------
Melee: Long sword        |    74 |    97 ||   171
  Use: Scroll            |     4 |       ||     4
       Potion            |     1 |     4 ||     5
 Stab: Sleeping          |     2 |       ||     2
       Confused          |       |     2 ||     2
  Eat: Chunk             |     2 |     2 ||     4
       Ration            |       |     1 ||     1
Armor: Leather armour    |    10 |    15 ||    25
Dodge: Dodged            |    56 |    70 ||   126
       Rpst.: Long sword |    17 |    19 ||    36
